 Dungeon Crawl Stone Soup version 0.14-a0-2061-g6c6fb9c (webtiles) character file.

829355 Piginabag the Grand Master (level 27, -11/286 HPs)
             Began as an Octopode Transmuter on Jan 21, 2014.
             Was the Champion of Jiyva.
             Killed from afar by a hellion (22 damage)
             ... with a burst of hellfire
             ... in Pandemonium.
             The game lasted 07:43:58 (101060 turns).

Piginabag the Grand Master (Octopode Transmuter)  Turns: 101060, Time: 07:43:59

HP -11/286       AC 28     Str  7      XL: 27
MP  35/37        EV 35     Int 23      God: Jiyva [******]
Gold 1538        SH  6     Dex 30      Spells:  6 memorised, 21 levels left

rFire  + + +     SeeInvis +       - Unarmed
rCold  + + .     Clarity  .     (no shield)
rNeg   + + +     Conserve .     c - +2 hat {Int+3}
rPois  +         rCorr    +     E - amulet of Grios {Ward rC+ Dam+4}
rElec  +         rRot     +     P - +4,+6 ring of slaying
SustAb + .       Spirit   .     O - ring of protection from cold
rMut   .         Warding  +     s - +3 ring of protection
Saprov . . .     Stasis   .     W - ring of Ephemeral Luck {rF+ EV+6 Int+3 Dam+6}
MR     +++..                    G - ring of Reshro {Regen Dex+4}
                                S - ring "Amuraiq" {Hunger- rElec Acc+4 Dam+3}
                                z - ring of Striolecs {SustAb rF+ SInv}
                                m - ring "Jiahukoff" {rElec rPois rF+ rN+ MR SInv}

@: statue-form, about to teleport, very slow, extremely resistant to hostile
enchantments, extremely stealthy
A: almost no armour, amphibious, 8 rings, constrict 8, antennae 1, large bone
plates 3, camouflage 1, blink 1, magic resistance 1, sense surroundings 1, spit
poison 1, wild magic 2, eyeballs 2, (gelatinous body 0)
a: Spit Poison, End Transformation, Blink, Request Jelly, Jelly Paralyse,
Slimify, Cure Bad Mutation, Renounce Religion
}: 7/15 runes: decaying, serpentine, slimy, silver, golden, demonic, dark


You were in Pandemonium.
You worshipped Jiyva.
Jiyva was exalted by your worship.
You were full.
You were a stone statue.
You visited 13 branches of the dungeon, and saw 69 of its levels.
You visited Pandemonium 1 time, and saw 10 of its levels.
You visited the Abyss 1 time.
You visited 1 bazaar.
You also visited: Labyrinth and Ice Cave.

You collected 9014 gold pieces.
You spent 7476 gold pieces at shops.

Inventory:

Armour
 c - a +2 hat of intelligence (worn)
Magical devices
 d - a wand of heal wounds (8)
 h - a wand of disintegration (8)
 i - a wand of invisibility (3)
 C - a wand of teleportation (1)
 I - a wand of digging (11)
 U - a wand of heal wounds (3)
Comestibles
 k - a bread ration
 Y - 7 honeycombs
 Z - 3 royal jellies
Scrolls
 a - a scroll of enchant armour
 f - 2 scrolls of brand weapon
 g - 4 scrolls of teleportation
 j - 7 scrolls of remove curse
 t - a scroll of fog
 B - 3 scrolls of magic mapping
 V - 4 scrolls of identify
 X - a scroll of recharging
Jewellery
 b - a cursed ring of positive energy
 e - the amulet of Zin's Fury {rMut Dam+4 SInv}
   (You found it on level 3 of the Tomb of the Ancients)

   [amulet of resist mutation]

   It affects your damage-dealing abilities (+4).
   It enhances your eyesight.
 m - the ring "Jiahukoff" (on tentacle) {rElec rPois rF+ rN+ MR SInv}
   (You bought it in a shop on level 5 of the Snake Pit)

   [ring of protection from magic]

   It protects you from fire.
   It insulates you from electricity.
   It protects you from poison.
   It protects you from negative energy.
   It enhances your eyesight.
 q - a cursed ring of teleport control
 r - a cursed amulet of conservation
 s - a +3 ring of protection (on tentacle)
 v - the ring of Suspected Treachery {rPois rF+ Int+2 Dam+5}
   (You found it on level 3 of the Tomb of the Ancients)

   [ring of poison resistance]

   It affects your intelligence (+2).
   It affects your damage-dealing abilities (+5).
   It protects you from fire.
 w - a cursed amulet of resist corrosion
 y - the cursed necklace of Bloodlust {*Rage +Rage MR+ Str+2 Int-2 Dam+5 Stlth- Curse}
   (You bought it in a shop on level 4 of the Vaults)

   [amulet of rage]

   It affects your strength (+2).
   It affects your intelligence (-2).
   It affects your damage-dealing abilities (+5).
   It affects your resistance to hostile enchantments.
   It may make you go berserk in combat.
   It may recurse itself when equipped.
   It makes you less stealthy.
   It has a curse placed upon it.
 z - the ring of Striolecs (on tentacle) {SustAb rF+ SInv}
   (You found it in an ice cave)

   [ring of sustain abilities]

   It protects you from fire.
   It enhances your eyesight.
 D - a +2 ring of protection
 E - the amulet of Grios (around mantle) {Ward rC+ Dam+4}
   (You bought it in a shop on level 5 of the Snake Pit)

   [amulet of warding]

   It affects your damage-dealing abilities (+4).
   It protects you from cold.
 G - the ring of Reshro (on tentacle) {Regen Dex+4}
   (You acquired it on level 1 of the Snake Pit)

   [ring of regeneration]

   It affects your dexterity (+4).
 J - a cursed ring of sustain abilities
 K - a cursed ring of protection from magic
 O - a ring of protection from cold (right tentacle)
 P - a +4,+6 ring of slaying (left tentacle)
 Q - the cursed amulet of Xom's Hatred {Inacc rN+ MR+ Dex+3}
   (You bought it in a shop on level 5 of the Snake Pit)

   [amulet of inaccuracy]

   It affects your dexterity (+3).
   It protects you from negative energy.
   It affects your resistance to hostile enchantments.
   It has a curse placed upon it.
 S - the ring "Amuraiq" (on tentacle) {Hunger- rElec Acc+4 Dam+3}
   (You found it on level 3 of the Tomb of the Ancients)

   [ring of sustenance]

   It affects your accuracy (+4).
   It affects your damage-dealing abilities (+3).
   It insulates you from electricity.
 T - an uncursed amulet of guardian spirit
 W - the ring of Ephemeral Luck (on tentacle) {rF+ EV+6 Int+3 Dam+6}
   (You found it on level 14 of the Dungeon)

   [ring of evasion]

   It affects your evasion (+6).
   It affects your intelligence (+3).
   It affects your damage-dealing abilities (+6).
   It protects you from fire.
Potions
 l - 2 potions of resistance
 n - a potion of magic
 x - 4 potions of restore abilities
 A - 2 potions of cure mutation
 F - 13 potions of curing
 H - 4 potions of flight
 N - 3 potions of heal wounds
Books
 o - a book of Spatial Translocations

   Spells                             Type                      Level
   Apportation                        Translocation                1
   Portal Projectile                  Translocation                2
   Blink                              Translocation                2
   Shroud of Golubria                 Charms/Translocation         2
   Teleport Other                     Translocation                3
   Passage of Golubria                Translocation                4
 R - a book of the Earth

   Spells                             Type                      Level
   Dig                                Earth                        4
   Leda's Liquefaction                Hexes/Earth                  4
   Bolt of Magma                      Conjuration/Fire/Earth       5
   *Statue Form                       Transmutation/Earth          6
   Iron Shot                          Conjuration/Earth            6
   Shatter                            Earth                        9


   Skills:
 * Level 26.2 Fighting
   Level 6.8 Staves
 + Level 1.9 Throwing
 + Level 25.4 Dodging
 - Level 8.1 Stealth
 O Level 27 Unarmed Combat
 + Level 8.2 Spellcasting
   Level 7.3 Conjurations
 + Level 16.4 Transmutations
 - Level 2.6 Ice Magic
 + Level 12.9 Earth Magic
 - Level 3.8 Poison Magic
   Level 8.5 Invocations
 - Level 0.2 Evocations


You had 21 spell levels left.
You knew the following spells:

 Your Spells              Type           Power        Failure   Level  Hunger
a - Beastly Appendage     Trmt           ######       1%          1    None
b - Spider Form           Trmt/Pois      #######...   6%          3    None
c - Ice Form              Ice/Trmt       #######...   10%         4    ###....
d - Blade Hands           Trmt           ########..   4%          5    ####...
e - Stoneskin             Trmt/Erth      ########..   1%          2    None
f - Statue Form           Trmt/Erth      ########..   14%         6    ######.


Dungeon Overview and Level Annotations

Branches:
Dungeon (16/16)            Temple (0/1) D:5             Orc (4/4) D:11
    Elf (1/3) Orc:4          Lair (8/8) D:11          Swamp (5/5) Lair:3
  Snake (5/5) Lair:4        Slime (6/6) Lair:7       Vaults (5/5) D:15
  Blade (1/1) Vaults:4       Tomb (3/3) Forest:3        Zot (4/5) Depths:6
 Forest (5/5) Vaults:3     Depths (6/6) D:16

Altars:
Ashenzari
Cheibriados
Makhleb
Nemelex Xobeh
Okawaru
Trog
Xom
the Shining One
Beogh
Jiyva
Lugonu

Shops:
D:12 !   D:13 (*?   Orc:3 !   Orc:4 /*[*   Snake:1 *   Snake:5 !=(   Vaults:1 (
Vaults:2 }   Vaults:4 =/*   Depths:2 /   Depths:3 :   Depths:6 (

Portals:
Hell: Lair:8 Depths:1 Depths:2 Depths:3 Depths:4 Depths:5 Depths:6
Abyss: Depths:1 Depths:4
Pandemonium: Depths:2 Depths:3
Ziggurat: Depths:1

Annotations:
D:4 Grinder
D:12 exclusion: silver statue
Lair:2 exclusion: downstairs
Lair:5 exclusion: hydra
Slime:6 Royal Jelly
Forest:5 exclusion: oklob plant


Innate Abilities, Weirdness & Mutations

You cannot wear most types of armour.
You are amphibious.
You can wear up to eight rings at the same time.*
You can use your tentacles to constrict many enemies at once.*
Your skin changes colour to match your surroundings (Stlth).*
((Your rubbery body absorbs attacks (AC +1).))*
You have a pair of small antennae on your head.*
(You are completely covered in large bone plates (AC +4, SH +6).)*
You can translocate small distances at will.
You are resistant to hostile enchantments.
You passively map a small area around you.
You can spit poison.
Your spells are harder to cast, but more powerful.
Your body is mostly covered in golden eyeballs (Acc +5).*


Message History

The hellion completely resists.
The burst of hellfire engulfs the hellion.
The hellion completely resists.
The burst of hellfire engulfs the hellion.
The hellion completely resists.
The hellion gestures at you.
The hellfire explodes!
The burst of hellfire engulfs you!
Jiyva shields your delectables from destruction.
* * * LOW HITPOINT WARNING * * *
The burst of hellfire engulfs the hellion.
The hellion completely resists.
The burst of hellfire engulfs the hellion.
The hellion completely resists.
The burst of hellfire engulfs the hellion.
The hellion completely resists.
The hellion gestures at you.
The hellfire explodes!
The burst of hellfire engulfs you!
One of your 5 scrolls of identify catches fire!
Jiyva shields some of your delectables from destruction.
You die...

, , , * ≈.., , *
,, ≈≈§≈..... ,
≈§≈§§§≈....,
§≈≈≈≈≈≈≈≈.... * ,
≈SSS..≈≈≈≈≈..#
≈§§≈4..≈≈§§≈..#
≈;≈≈.2.2≈§§§..#
≈≈≈.2222.§≈§≈.#
≈;.22&2.82§§≈#*
w§§§:222.§≈w≈..!.
§≈§§22.≈≈;≈....
§≈§§2.≈≈≈§≈.... *
≈§§S§.≈≈≈3≈....,
,*
≈≈§§≈≈≈≈≈....,, *
≈≈≈≈≈≈≈≈... ,
≈≈≈§≈.... * §..


You could see Wofumisomm, a sixfirhy, a smoke demon, 16 hellions, 2 lava worms,
3 lava fish and 4 lava snakes.

Vanquished Creatures
  Gloorx Vloq (Pan)
  Dissolution (Slime:4)
  An ancient lich (Vaults:5)
  25 greater mummies
  Saint Roka (Orc:4)
  Sojobo (Forest:1)
  the Enchantress (Forest:5)
  9 golden dragons
  Jory (Forest:2)
  An electric golem (Zot:2)
  Xtahua (Vaults:4)
  Frederick (Depths:3)
  5 bone dragons
  Nikola (Swamp:1)
  2 Brimstone Fiends
  3 Hell Sentinels (Pan)
  5 pandemonium lords (Pan)
  16 tentacled monstrosities
  An Ice Fiend (Pan)
  4 liches
  3 titans
  9 Shadow Fiends (Pan)
  7 acid blobs
  10 sphinxes
  A thorn hunter (Forest:4)
  A quicksilver dragon (Vaults:5)
  The ghost of Yllodra the Bludgeoner, a mighty GrBe of Trog (Slime:1)
  Rupert (D:14)
  Agnes (Depths:3)
  31 Executioners
  16 storm dragons
  Kirke (Swamp:1)
  5 shadow dragons
  2 draconian monks
  13 tengu reavers
  3 ghost moths
  6 azure jellies
  Donald (Forest:2)
  2 orc warlords
  Wiglaf (Vaults:1)
  An azure jelly (shapeshifter) (Vaults:5)
  6 draconian knights
  Maud (Lair:3)
  7 frost giants
  An iron dragon (Vaults:5)
  5 deep elf sorcerers
  6 tentacled starspawn (Abyss:1)
  5 fire giants
  3 draconian zealots
  Gastronok (Orc:3)
  11 vault wardens
  8 cacodemons (Pan)
  23 reapers
  4 balrugs (Pan)
  Jorgrun (Forest:3)
  A draconian annihilator (Depths:6)
  A draconian shifter (Zot:4)
  3 grey draconians
  6 ancient bears
  51 stone giants
  5 treants
  2 draconian callers (Zot:2)
  7 spriggan defenders (Forest:5)
  3 green draconians
  8 greater nagas
  A vampire knight (Depths:5)
  7 elemental wellsprings
  5 red draconians
  Azrael (D:14)
  11 blizzard demons (Pan)
  3 white draconians
  3 mottled draconians
  5 lorocyprocas (Pan)
  5 yellow draconians
  6 green deaths (Pan)
  6 black draconians
  5 pale draconians
  8 dire elephants
  3 deep elf demonologists
  2 deep elf annihilators
  A deep elf death mage (Vaults:5)
  15 spriggan air magi
  3 purple draconians
  2 satyrs
  Snorg (Swamp:1)
  27 mummy priests
  25 ettins
  10 fire dragons
  A quicksilver dragon zombie (Depths:3)
  32 vault guards
  A minotaur (Lab)
  3 jiangshi
  2 death oozes
  13 ironheart preservers
  5 death cobs
  40 yaktaur captains
  6 deep elf high priests
  Fannar (Lair:3)
  26 hydras
  Harold (D:12)
  Josephine (D:14)
  9 ice dragons
  A ravenous feature mimic (Vaults:3)
  Nessos (Orc:4)
  6 great orbs of eyes
  A ravenous item mimic (Depths:1)
  A spriggan enchanter (Forest:4)
  Erica (D:10)
  12 anacondas
  5 spriggan druids
  15 deep troll earth magi
  18 ogre magi
  18 deep troll shamans
  4 rakshasas
  6 spriggan assassins
  11 spriggan berserkers
  A dancing weapon (Blade)
  A titan zombie (Depths:3)
  5 tengu warriors
  9 alligators
  3 hell hogs (Abyss:1)
  42 naga warriors
  4 wretched stars (Abyss:1)
  3 thrashing horrors (Abyss:1)
  An orc high priest (Depths:1)
  A fire crab (shapeshifter) (Depths:6)
  Urug (Orc:2)
  8 sun demons
  16 hell knights
  22 centaur warriors
  23 soul eaters
  10 very ugly things
  7 deep elf knights
  Nergalle (D:11)
  9 water nymphs
  5 dryads
  Erolcha (D:11)
  A titan skeleton (Depths:3)
  2 fire crabs (Vaults:4)
  34 large abominations
  6 shadow demons
  A death drake (Abyss:1)
  7 ice devils
  9 shadow wraiths
  4 skeletal warriors
  2 golden dragon zombies
  21 iron trolls
  2 unseen horrors (shapeshifter)
  10 sea snakes (Snake:5)
  A deep troll (shapeshifter) (Depths:5)
  6 fauns
  2 giant orange brains (shapeshifter)
  6 unseen horrors
  29 deep trolls
  A faun (shapeshifter) (Depths:5)
  10 hill giants
  A flaming corpse (Tomb:1)
  A shadow dragon zombie (Depths:4)
  12 ironbrand convokers
  A sphinx zombie (Depths:3)
  12 swamp dragons
  2 wizards
  4 flayed ghosts
  A golden dragon skeleton (Depths:2)
  2 orc sorcerers
  A crystal golem (Vaults:2)
  A lindwurm (shapeshifter) (Depths:4)
  Joseph (Lair:1)
  An iron dragon zombie (Vaults:5)
  12 giant amoebae
  11 necromancers
  3 deep elf conjurers
  A harpy (shapeshifter) (Depths:3)
  2 frost giant zombies
  18 orc knights
  2 phantasmal warriors
  A shadow dragon skeleton (Zot:3)
  A shining eye (Slime:3)
  3 fire giant zombies
  A red wasp (shapeshifter) (Vaults:3)
  6 cyclopes
  15 wolf spiders
  A hellion (Pan)
  A sphinx skeleton (Tomb:1)
  5 griffons
  12 red wasps
  2 stone giant zombies (Vaults:5)
  11 moths of wrath
  An octopode (Depths:1)
  47 black mambas
  16 sixfirhies
  A shining eye (shapeshifter) (Vaults:4)
  2 spiny worms
  5 stone giant skeletons
  A griffon (shapeshifter) (Depths:5)
  5 elephants (Lair:8)
  A stone golem (Abyss:1)
  An octopode (shapeshifter) (Vaults:1)
  3 deep elf summoners
  8 vault sentinels
  24 spiny frogs
  A guardian serpent (shapeshifter) (Depths:2)
  A spiny frog (shapeshifter) (D:14)
  18 guardian serpents
  An eye of devastation (Slime:5)
  A queen ant (Lair:4)
  29 orange demons
  Psyche (Orc:4)
  4 tormentors
  2 iron devils (Pan)
  19 demonic crawlers
  82 yaktaurs
  31 naga magi
  3 iron troll zombies
  6 fire drakes
  102 guardian mummies
  3 orb spiders (Abyss:1)
  41 smoke demons
  5 deep elf priests
  5 ancient zymes (Abyss:1)
  2 komodo dragons (shapeshifter)
  A mermaid (shapeshifter) (Vaults:5)
  7 blue devils
  A fire drake (shapeshifter) (Vaults:3)
  4 hell beasts (Pan)
  5 tengu conjurers
  A golden dragon simulacrum (Depths:2)
  14 red devils
  A queen bee (shapeshifter) (D:13)
  A spriggan (shapeshifter) (Vaults:5)
  3 trolls
  A demonic crawler zombie (Pan)
  36 hellwings
  2 jumping spiders (shapeshifter) (Vaults:5)
  4 raiju (Abyss:1)
  15 thorn lotuses
  Sonja (Swamp:1)
  10 komodo dragons
  7 baby alligators (Swamp:3)
  2 polar bears (shapeshifter)
  28 giant fireflies
  12 giant leeches
  55 spriggans
  A minotaur skeleton (Pan)
  7 jumping spiders
  13 wind drakes
  A boulder beetle (Vaults:4)
  2 hydra skeletons (Pan)
  A guardian serpent zombie (Abyss:1)
  A fire dragon zombie (Tomb:1)
  19 two-headed ogres
  3 basilisks
  85 slime creatures
  4 human zombies
  10 bog bodies
  2 griffon zombies
  12 shadows
  8 deep elf magi
  30 blink frogs
  4 brown oozes
  2 ettin zombies
  A queen bee (D:10)
  A slime creature (shapeshifter) (Depths:6)
  A frost giant simulacrum (Tomb:1)
  38 flying skulls
  103 ugly things
  A guardian serpent skeleton (Pan)
  2 formicids (Abyss:1)
  15 air elementals
  3 ettin skeletons
  2 trapdoor spiders
  A vampire (Vaults:1)
  2 stone giant simulacra
  2 griffon skeletons (D:14)
  A tarantella (Abyss:1)
  12 starcursed masses (Abyss:1)
  95 yaks
  2 fire dragon skeletons
  13 redbacks
  6 hungry ghosts
  3 chaos spawn (Abyss:1)
  3 merfolk (shapeshifter)
  14 ynoxinuls
  4 fire elementals (D:14)
  28 water elementals
  3 hogs (Swamp:1)
  2 hill giant zombies
  An elephant slug (Lair:5)
  2 wyverns
  12 hippogriffs
  11 sharks
  Grum (D:9)
  11 deep elf fighters
  A hill giant skeleton (D:14)
  14 neqoxecs
  3 wraiths
  31 vampire mosquitoes
  16 wolves
  A hippogriff (shapeshifter) (Vaults:2)
  2 necrophages
  Edmund (D:6)
  3 manticores
  16 swamp drakes
  An iron troll simulacrum (Vaults:3)
  4 freezing wraiths
  7 small abominations
  107 nagas
  9 porcupines
  14 ice beasts
  40 swamp worms
  5 hell hounds
  2 sky beasts
  6 mottled dragons
  20 soldier ants (Lair:4)
  A deep dwarf (D:8)
  16 giant goldfish
  57 ogres
  3 black bears
  12 yellow wasps
  90 orc warriors
  A guardian serpent simulacrum (Tomb:1)
  A yellow wasp (shapeshifter) (Depths:5)
  A giant amoeba simulacrum (D:14)
  A phantom (D:10)
  8 lava worms
  A blink frog skeleton (D:14)
  16 tengu
  2 ettin simulacra
  12 crocodiles
  4 boring beetles
  35 centaurs
  16 wargs
  Sigmund (D:3)
  7 rotting devils
  8 giant slugs
  A brain worm (D:15)
  6 big kobolds
  A manticore zombie (D:11)
  26 giant frogs
  31 water moccasins
  13 agate snails
  2 cyclops zombies
  24 insubstantial wisps
  2 yaktaur skeletons (Pan)
  A giant goldfish zombie (Pan)
  21 jellyfish
  An eye of draining (shapeshifter) (Elf:1)
  3 eyes of draining
  A yak zombie (D:13)
  34 killer bees
  5 lava fish (Zot:1)
  A hippogriff skeleton (D:5)
  A pulsating lump (Slime:5)
  A yak skeleton (D:14)
  10 electric eels
  20 wights
  A troll skeleton (D:8)
  A hound (shapeshifter) (Vaults:5)
  A pulsating lump (shapeshifter) (Depths:2)
  24 crimson imps
  3 goliath beetles
  12 hounds
  14 spiders
  3 lava snakes
  6 quasits
  5 iron imps
  4 jellies
  A black bear zombie (D:9)
  A giant frog skeleton (D:8)
  34 orc priests
  19 big fish
  10 iguanas
  A gnoll shaman (D:10)
  37 worker ants
  32 orc wizards
  8 scorpions
  39 sheep
  A mottled dragon zombie (D:11)
  An ogre zombie (D:11)
  12 boggarts
  An ogre skeleton (D:5)
  Terence (D:2)
  8 gnolls
  35 mummies
  46 green rats
  46 adders
  3 giant centipedes
  A mottled dragon simulacrum (D:15)
  A worm zombie (D:9)
  3 giant mites
  5 lemures
  9 white imps
  5 worms
  22 ufetubi
  An adder skeleton (D:4)
  An iguana skeleton (D:11)
  7 giant eyeballs
  12 giant geckos
  5 oozes
  202 orcs
  2 ball pythons
  A bat zombie (D:5)
  3 giant cockroaches
  20 goblins
  20 hobgoblins
  31 jackals
  21 quokkas
  26 bats
  7 giant newts
  2 giant spores
  21 kobolds
  A lurking horror (Abyss:1)
  2 orc skeletons
  A quokka skeleton (D:8)
  27 rats
  22 ballistomycetes
  A bush (Bazaar)
  4 crawling corpses
  2 fungi
  2 snaplasher vines (Forest:3)
  4 starspawn tentacles (Abyss:1)
4226 creatures vanquished.

Vanquished Creatures (collateral kills)
  2 vault wardens (Vaults:1)
  A catoblepas (Vaults:1)
  An orc knight (Vaults:1)
  A yaktaur (Vaults:1)
5 creatures vanquished.

Vanquished Creatures (others)
  A greater mummy (Tomb:1)
  Margery (Depths:3)
  4 acid blobs (Slime:6)
  2 eldritch tentacles
  An elemental wellspring (Forest:4)
  5 death oozes
  2 yaktaur captains (Depths:4)
  A centaur warrior (Vaults:1)
  An orange demon (Tomb:2)
  A spiny frog (Lair:7)
  2 smoke demons (Pan)
  A guardian mummy (Tomb:2)
  A spriggan (Forest:2)
  A blink frog (Swamp:4)
  A flying skull (Tomb:3)
  A ynoxinul (Pan)
  An ettin skeleton (Tomb:2)
  A neqoxec (Tomb:1)
  An ugly thing (Vaults:1)
  A hungry ghost (Tomb:2)
  A yak (D:9)
  2 wolves (Forest:1)
  A small abomination (Abyss:1)
  A tengu (Depths:3)
  A centaur (Tomb:2)
  An ogre (Depths:2)
  2 rotting devils (Pan)
  2 giant frogs
  An orc wizard (Orc:2)
  An eye of draining (Slime:6)
  A jellyfish (Swamp:1)
  A wight (D:11)
  265 jellies
  A quasit (Tomb:2)
  A big fish (Forest:5)
  An orange rat (Forest:5)
  An iguana (Tomb:2)
  7 mummies
  2 lemures (Tomb:2)
  3 white imps
  2 shadow imps (Tomb:2)
  10 ufetubi
  7 orcs
  A bat (D:11)
  5 giant spores
  A goblin (Orc:3)
  4 ballistomycetes (D:9)
  2 butterflies
  243 eldritch tentacle segments
  10 fungi
  11 plants
  6 snaplasher vine segments (Forest:3)
  5 starspawn tentacles (Abyss:1)
  46 starspawn tentacle segments (Abyss:1)
679 creatures vanquished.

Grand Total: 4910 creatures vanquished

Notes
Turn   | Place    | Note
--------------------------------------------------------------
     0 | D:1      | Piginabag, the Octopode Transmuter, began the quest for the Orb.
     0 | D:1      | Reached XP level 1. HP: 13/13 MP: 3/3
   593 | D:1      | Reached XP level 2. HP: 18/18 MP: 2/4
  1355 | D:2      | Reached XP level 3. HP: 16/23 MP: 4/6
  1479 | D:2      | Learned a level 3 spell: Spider Form
  1490 | D:2      | Reached skill level 1 in Stealth
  1682 | D:2      | Reached XP level 4. HP: 12/28 MP: 5/8
  1983 | D:2      | Found a burning altar of Makhleb.
  2103 | D:2      | Noticed Terence
  2111 | D:2      | Killed Terence
  2365 | D:2      | Reached XP level 5. HP: 23/33 MP: 6/9
  2561 | D:2      | Found a snail-covered altar of Cheibriados.
  2650 | D:2      | Became a worshipper of Cheibriados the Contemplative
  2749 | D:2      | Reached skill level 1 in Poison Magic
  3328 | D:3      | Noticed Sigmund
  3344 | D:3      | Killed Sigmund
  3344 | D:3      | Reached XP level 6. HP: 33/38 MP: 9/13
  3605 | D:3      | Learned a level 4 spell: Ice Form
  3896 | D:3      | Reached skill level 4 in Unarmed Combat
  3917 | D:3      | Found a glowing golden altar of the Shining One.
  4121 | D:4      | Found an iron altar of Okawaru.
  4325 | D:4      | Noticed Grinder
  4952 | D:5      | Entered Level 5 of the Dungeon
  5164 | D:5      | Reached XP level 7. HP: 17/45 MP: 13/15
  5368 | D:5      | Found a staircase to the Ecumenical Temple.
  5849 | D:5      | Found a shattered altar of Ashenzari.
  6233 | D:6      | Noticed Edmund
  6253 | D:6      | Killed Edmund
  6425 | D:6      | Reached XP level 8. HP: 34/51 MP: 14/17
  6437 | D:6      | Reached skill level 5 in Unarmed Combat
  6882 | D:6      | Found a sparkling altar of Nemelex Xobeh.
  7152 | D:6      | Reached skill level 5 in Dodging
  7154 | D:6      | Acquired Cheibriados' first power
  7828 | D:7      | Reached XP level 9. HP: 57/57 MP: 18/20
  7883 | D:7      | Acquired Cheibriados' second power
  7883 | D:7      | Reached skill level 6 in Dodging
  8670 | D:7      | Learned a level 5 spell: Blade Hands
  9188 | D:8      | Reached skill level 5 in Stealth
  9206 | D:8      | Acquired Cheibriados' third power
  9449 | D:8      | Reached skill level 5 in Transmutations
  9461 | D:8      | Reached skill level 5 in Spellcasting
  9531 | D:8      | Reached skill level 1 in Ice Magic
  9615 | D:8      | Noticed a stone golem
  9830 | D:8      | Reached skill level 7 in Dodging
  9830 | D:8      | Reached XP level 10. HP: 54/54 MP: 22/22
 10105 | D:8      | Found a shimmering altar of Xom.
 10173 | D:9      | Noticed Grum
 10176 | D:9      | Killed Grum
 10180 | D:9      | Reached skill level 1 in Invocations
 11496 | D:10     | Entered Level 10 of the Dungeon
 11516 | D:10     | Killed an unseen horror
 11516 | D:10     | Reached skill level 8 in Dodging
 11711 | D:10     | Reached XP level 11. HP: 59/62 MP: 22/25
 11905 | D:10     | Noticed Erica
 11911 | D:10     | Killed Erica
 11915 | D:10     | Gained mutation: You are partially covered in rugged brown scales (AC +1, +3% HP). [potion of mutation]
 11915 | D:10     | Gained mutation: You are resistant to hostile enchantments. [potion of mutation]
 11915 | D:10     | Gained mutation: You passively map a small area around you. [potion of mutation]
 12556 | D:10     | Reached skill level 5 in Fighting
 13023 | D:10     | Reached skill level 9 in Dodging
 13247 | D:11     | Noticed Erolcha
 13441 | D:12     | Noticed Harold
 13574 | D:12     | Found Waipsagu's Distillery.
 13588 | D:12     | Bought a potion of agility for 35 gold pieces
 13588 | D:12     | Bought a potion of heal wounds for 42 gold pieces
 13588 | D:12     | Bought a potion of curing for 28 gold pieces
 13588 | D:12     | Bought a potion of might for 35 gold pieces
 13700 | D:12     | Found a frozen archway.
 13872 | IceCv    | Entered an ice cave
 13890 | IceCv    | Reached XP level 12. HP: 68/71 MP: 27/27
 13974 | IceCv    | Noticed an ice statue
 13974 | IceCv    | Noticed an ice statue
 14203 | IceCv    | Noticed an ice devil
 14223 | IceCv    | Killed an ice devil
 14494 | IceCv    | Got a transparent turquoise ring
 15101 | D:12     | Killed Harold
 15345 | D:11     | Killed Erolcha
 15345 | D:11     | Reached skill level 10 in Unarmed Combat
 15492 | D:11     | Found a staircase to the Orcish Mines.
 15507 | D:11     | Paralysed by a giant eyeball for 2 turns
 15781 | D:11     | Noticed Nergalle
 15790 | D:11     | Killed Nergalle
 15880 | D:11     | Found a staircase to the Lair.
 15919 | Lair:1   | Entered Level 1 of the Lair of Beasts
 15927 | Lair:1   | Learned a level 2 spell: Stoneskin
 16101 | Lair:1   | Noticed Joseph
 16135 | Lair:1   | Killed Joseph
 16415 | Lair:1   | Reached skill level 11 in Unarmed Combat
 16717 | Lair:1   | Identified the ring of Striolecs {SustAb rF+ SInv} (You found it in an ice cave)
 16904 | Lair:2   | Noticed a four-headed hydra
 16914 | Lair:2   | Killed a four-headed hydra
 16921 | Lair:2   | Reached XP level 13. HP: 72/80 MP: 28/28
 17904 | Lair:2   | Reached skill level 1 in Earth Magic
 17938 | Lair:2   | Reached skill level 12 in Unarmed Combat
 18150 | Lair:3   | Noticed Maud
 18866 | Lair:3   | Noticed Fannar
 18876 | Lair:3   | Killed Maud
 18880 | Lair:3   | Found a staircase to the Swamp.
 18891 | Lair:3   | Killed Fannar
 20097 | Lair:4   | Reached skill level 13 in Unarmed Combat
 20318 | Lair:4   | Found a staircase to the Snake Pit.
 20942 | Lair:5   | Got a bone lajatang
 20951 | Lair:5   | Identified the +8,-1 lajatang "Khiffov" {elec, +Blink rPois} (You found it on level 5 of the Lair of Beasts)
 21364 | Lair:5   | Reached XP level 14. HP: 87/91 MP: 29/29
 21593 | Lair:5   | Reached skill level 14 in Unarmed Combat
 23501 | Lair:7   | Found a staircase to the Slime Pits.
 23504 | Lair:7   | Found a labyrinth entrance.
 23512 | Lab      | Entered a labyrinth
 23791 | Lab      | Found an exit through the horrors of the Abyss.
 23980 | Lab      | Got a blackened shield
 23988 | Lab      | Identified the cursed -5 shield "Thrempar" {+Rage rElec} (You found it in a labyrinth)
 24960 | Lair:8   | Entered Level 8 of the Lair of Beasts
 25110 | Lair:8   | Reached skill level 5 in Earth Magic
 25279 | Lair:8   | Reached skill level 10 in Fighting
 25557 | Lair:8   | Reached skill level 15 in Unarmed Combat
 26162 | Orc:1    | Entered Level 1 of the Orcish Mines
 26408 | Orc:1    | Found an iron altar of Okawaru.
 26944 | Orc:2    | Noticed Urug
 26952 | Orc:2    | Killed Urug
 27194 | Orc:3    | Found Riraekh's Distillery.
 27197 | Orc:3    | Bought a potion of curing for 24 gold pieces
 27197 | Orc:3    | Bought a potion of curing for 24 gold pieces
 27602 | Orc:3    | Found an iron altar of Okawaru.
 27759 | Orc:3    | Noticed Gastronok
 27894 | Orc:3    | Killed Gastronok
 27994 | Orc:4    | Entered Level 4 of the Orcish Mines
 28056 | Orc:4    | Found a staircase to the Elven Halls.
 28775 | D:13     | Found Vathror's Antique Weapon Shop.
 28939 | D:13     | Reached XP level 15. HP: 88/102 MP: 30/30
 28979 | D:13     | Found Dusano's Magic Scroll Boutique.
 28982 | D:13     | Bought a scroll of identify for 26 gold pieces
 28982 | D:13     | Bought a scroll of magic mapping for 45 gold pieces
 28982 | D:13     | Bought a scroll of identify for 26 gold pieces
 28992 | D:13     | Found Phideedi's Assorted Antiques.
 29067 | D:13     | Noticed a six-headed hydra
 29078 | D:13     | Killed a six-headed hydra
 29812 | D:14     | Noticed Josephine
 29815 | D:14     | Killed Josephine
 29890 | D:14     | Noticed Rupert
 29918 | D:15     | Entered Level 15 of the Dungeon
 29984 | D:15     | Found a shimmering altar of Xom.
 30437 | D:15     | Noticed a storm dragon
 30773 | D:15     | Killed a storm dragon
 30773 | D:15     | Reached skill level 5 in Invocations
 31624 | Swamp:1  | Entered Level 1 of the Swamp
 32071 | Swamp:1  | Noticed Sonja
 32149 | Swamp:1  | Killed Sonja
 32178 | Swamp:1  | Noticed Nikola
 32222 | Swamp:1  | Killed Nikola
 32410 | Swamp:1  | Noticed Snorg
 32420 | Swamp:1  | Killed Snorg
 32420 | Swamp:1  | Reached skill level 16 in Unarmed Combat
 32485 | Swamp:1  | Gained mutation: You are somewhat resistant to further mutation. [potion of beneficial mutation]
 33006 | D:12     | Bought a potion of beneficial mutation for 490 gold pieces
 33006 | D:12     | Bought a potion of beneficial mutation for 490 gold pieces
 33007 | D:12     | Gained mutation: You are partially covered in large bone plates (AC +2, SH +2). [potion of beneficial mutation]
 33040 | D:12     | Reached skill level 1 in Throwing
 33178 | Orc:4    | Noticed Nessos
 33181 | Orc:4    | Killed Nessos
 33770 | Orc:4    | Noticed Psyche
 33774 | Orc:4    | Killed Psyche
 33991 | Orc:4    | Noticed Saint Roka
 34005 | Orc:4    | Killed Saint Roka
 34224 | Orc:4    | Found Afipub's Magical Wand Boutique.
 34224 | Orc:4    | Found Huli Sos' Assorted Antiques.
 34315 | Orc:4    | Found a roughly hewn altar of Beogh.
 34767 | Orc:4    | Found Ytaofiu's Armour Boutique.
 34767 | Orc:4    | Found Jawaop's Assorted Antiques.
 34781 | Orc:4    | Bought a scroll of blinking for 176 gold pieces
 34781 | Orc:4    | Bought a potion of agility for 80 gold pieces
 34781 | Orc:4    | Bought a ring of protection for 64 gold pieces
 34781 | Orc:4    | Bought a potion of heal wounds for 96 gold pieces
 34781 | Orc:4    | Bought a scroll of fear for 112 gold pieces
 35915 | Lair:8   | Reached XP level 16. HP: 45/116 MP: 29/31
 36338 | Lair:8   | Found a burning altar of Makhleb.
 36348 | Lair:8   | Found a gateway to Hell.
 37249 | D:14     | Noticed Azrael
 37271 | D:14     | Killed Azrael
 37443 | D:14     | Noticed a storm dragon
 37445 | D:14     | Noticed a tengu reaver
 37677 | D:14     | Paralysed by Rupert for 3 turns
 37685 | D:14     | Killed Rupert
 38059 | D:14     | Got a vibrating bronze ring
 38448 | D:15     | Reached skill level 17 in Unarmed Combat
 38654 | D:15     | Found a gate to the Vaults.
 38702 | D:15     | Identified the ring of Ephemeral Luck {rF+ EV+6 Int+3 Dam+6} (You found it on level 14 of the Dungeon)
 38930 | D:16     | Entered Level 16 of the Dungeon
 39478 | Swamp:1  | Noticed Kirke
 39483 | Swamp:1  | Killed Kirke
 40111 | Swamp:2  | Identified the Compendium of Enchanting Attacks (You found it on level 2 of the Swamp)
 40564 | Swamp:3  | Reached XP level 17. HP: 127/127 MP: 20/31
 41546 | Swamp:4  | Reached skill level 18 in Unarmed Combat
 42386 | Swamp:5  | Entered Level 5 of the Swamp
 42562 | Swamp:5  | Reached skill level 15 in Fighting
 43153 | Swamp:5  | Got a decaying rune of Zot
 44041 | Snake:1  | Entered Level 1 of the Snake Pit
 44327 | Snake:1  | Identified a scroll of acquirement
 44329 | Snake:1  | Got a faintly glowing iron ring
 44330 | Snake:1  | Identified the ring of Reshro {Regen Dex+4} (You acquired it on level 1 of the Snake Pit)
 44359 | Snake:1  | Found Qaut's Assorted Antiques.
 44368 | Snake:1  | Bought a potion of curing for 66 gold pieces
 45362 | Snake:2  | Reached XP level 18. HP: 139/139 MP: 22/32
 45443 | Snake:2  | Reached skill level 19 in Unarmed Combat
 47594 | Snake:5  | Entered Level 5 of the Snake Pit
 47852 | Snake:5  | Found Feogoux's Distillery.
 47865 | Snake:5  | Bought a potion of might for 47 gold pieces
 47865 | Snake:5  | Bought a potion of invisibility for 104 gold pieces
 47865 | Snake:5  | Bought a potion of curing for 38 gold pieces
 47865 | Snake:5  | Bought a potion of curing for 38 gold pieces
 47865 | Snake:5  | Bought a potion of agility for 47 gold pieces
 48259 | Snake:5  | Reached skill level 20 in Unarmed Combat
 48849 | Snake:5  | Reached XP level 19. HP: 95/148 MP: 32/32
 49012 | Snake:5  | Got a serpentine rune of Zot
 49226 | Snake:5  | Found Trehischu's Weapon Shoppe.
 49278 | Snake:5  | Found Stasu's Jewellery Shop.
 50580 | Elf:1    | Entered Level 1 of the Elven Halls
 50932 | Elf:1    | Cast into the Abyss (deep elf demonologist)
 52217 | Abyss:1  | Reached skill level 21 in Unarmed Combat
 52284 | Abyss:1  | Reached skill level 10 in Dodging
 52705 | Abyss:1  | Reached XP level 20. HP: 158/158 MP: 23/33
 52892 | Elf:1    | Escaped the Abyss
 53385 | D:16     | Found a staircase to the Depths.
 53549 | Vaults:1 | Entered Level 1 of the Vaults
 53825 | Vaults:1 | Found Voptuasa's Weapon Shop.
 54803 | Snake:5  | Bought the ring "Jiahukoff" {rElec rPois rF+ rN+ MR SInv} for 1267 gold pieces
 55387 | Vaults:1 | Noticed Wiglaf
 55395 | Vaults:1 | Killed Wiglaf
 56193 | Vaults:2 | Reached XP level 21. HP: 135/166 MP: 32/34
 56909 | Vaults:2 | Found Wipuagri's Gadget Shop.
 57185 | Vaults:2 | Reached skill level 22 in Unarmed Combat
 57691 | Vaults:3 | Upgraded the game from 0.14-a0-2052-gb76ddfe to 0.14-a0-2061-g6c6fb9c
 57714 | Vaults:3 | Got a wavering turquoise ring
 58039 | Vaults:3 | Identified the ring of Jewos {Hunger rF+ Str+3} (You found it on level 3 of the Vaults)
 58198 | Vaults:3 | Found a staircase to the Enchanted Forest.
 58912 | Vaults:4 | Noticed Xtahua
 58922 | Vaults:4 | Killed Xtahua
 58929 | Vaults:4 | Found Dakhyag's Magical Wand Boutique.
 58939 | Vaults:4 | Found Janemoo's Jewellery Emporium.
 59252 | Vaults:4 | Reached XP level 22. HP: 145/176 MP: 30/34
 59365 | Vaults:4 | Found Voclocon's Assorted Antiques.
 59370 | Vaults:4 | Bought a potion of curing for 86 gold pieces
 59370 | Vaults:4 | Bought a scroll of blinking for 236 gold pieces
 60062 | Vaults:4 | Found a staircase to the Hall of Blades.
 60598 | Vaults:4 | Reached skill level 15 in Dodging
 60762 | Vaults:5 | Entered Level 5 of the Vaults
 61246 | Vaults:5 | Reached skill level 23 in Unarmed Combat
 61693 | Vaults:5 | Reached XP level 23. HP: 150/184 MP: 21/35
 61968 | Vaults:5 | Noticed an ancient lich
 62025 | Vaults:5 | Killed an ancient lich
 62677 | Vaults:5 | Identified the Handbook of Aerial Hexes (You found it on level 5 of the Vaults)
 62684 | Vaults:5 | Got a silver rune of Zot
 63361 | Blade    | Entered the Hall of Blades
 63671 | Depths:1 | Entered Level 1 of the Depths
 63697 | Depths:1 | Found a gateway to a ziggurat.
 64428 | Depths:1 | Found a roughly hewn altar of Beogh.
 64688 | Depths:1 | Found a one-way gate to the infinite horrors of the Abyss.
 65120 | Depths:2 | Found Rigaifitz's Magical Wand Emporium.
 65140 | Depths:2 | Reached XP level 24. HP: 179/192 MP: 26/35
 65147 | Depths:2 | Bought a wand of heal wounds (3) for 630 gold pieces
 65516 | Depths:2 | Found a one-way gate leading to the halls of Pandemonium.
 66185 | Depths:3 | Noticed Agnes
 66189 | Depths:3 | Killed Agnes
 66197 | Depths:3 | Noticed Margery
 66202 | Depths:3 | Killed Margery
 66214 | Depths:3 | Noticed Frederick
 66217 | Depths:3 | Killed Frederick
 66750 | Depths:3 | Reached skill level 24 in Unarmed Combat
 67458 | Depths:3 | Found Ajir's Book Shop.
 68223 | Depths:4 | Reached XP level 25. HP: 107/200 MP: 31/36
 68498 | Depths:4 | Got a vibrating silver ring
 68499 | Depths:4 | Identified the ring of Broannom {Fire -Tele Dam-4} (You acquired it on level 4 of the Depths)
 68592 | Depths:4 | Found a corrupted altar of Lugonu.
 69973 | Depths:4 | Found a gateway to a bazaar.
 70011 | Bazaar   | Entered a bazaar
 70011 | Bazaar   | Found Khocrehu's Magic Scroll Shop.
 70011 | Bazaar   | Found Kuwk's Armour Boutique.
 70011 | Bazaar   | Found Juisch's Food Boutique.
 70011 | Bazaar   | Found Xomarph's Jewellery Boutique.
 70011 | Bazaar   | Found Broaschi's Book Shop.
 70028 | Bazaar   | Bought a book of the Earth for 520 gold pieces
 70044 | Bazaar   | Bought an uncursed amulet of resist corrosion for 280 gold pieces
 70054 | Bazaar   | Bought a scroll of blinking for 60 gold pieces
 70054 | Bazaar   | Bought a scroll of blinking for 60 gold pieces
 70065 | Bazaar   | Learned a level 6 spell: Statue Form
 70630 | Depths:5 | Paralysed by a giant eyeball for 4 turns
 71834 | Depths:6 | Entered Level 6 of the Depths
 71838 | Depths:6 | Reached XP level 26. HP: 180/210 MP: 29/36
 72033 | Depths:6 | Found Epsufaucs' Antique Weapon Shop.
 72214 | Depths:6 | Found a gate to the Realm of Zot.
 72220 | Depths:6 | Reached skill level 10 in Transmutations
 73251 | Slime:1  | Entered Level 1 of the Pits of Slime
 73415 | Slime:4  | Noticed Dissolution
 73420 | Slime:4  | Paralysed by a giant eyeball for 3 turns
 73426 | Slime:4  | Killed Dissolution
 73430 | Slime:4  | Paralysed by a giant eyeball for 2 turns
 73432 | Slime:4  | Paralysed by a giant eyeball for 3 turns
 73450 | Slime:4  | Paralysed by a giant eyeball for 3 turns
 73555 | Slime:5  | Reached skill level 25 in Unarmed Combat
 73558 | Slime:5  | Paralysed by a giant eyeball for 4 turns
 73837 | Slime:5  | Paralysed by a giant eyeball for 4 turns
 73843 | Slime:5  | Paralysed by a giant eyeball for 2 turns
 73851 | Slime:6  | Entered Level 6 of the Pits of Slime
 73867 | Slime:6  | Noticed the royal jelly
 74156 | Slime:6  | Found a viscous altar of Jiyva.
 74160 | Slime:6  | Fell from the grace of Cheibriados
 74160 | Slime:6  | Became a worshipper of Jiyva Jaghozem the Shapeless
 74321 | Slime:1  | Noticed Yllodra's ghost (mighty GrBe)
 74702 | D:11     | Acquired Jiyva's first power
 74938 | D:11     | Acquired Jiyva's second power
 75378 | Orc:1    | Gained mutation: You have a small jelly attached to you that may absorb incoming projectiles. [Jiyva's grace]
 75383 | Orc:1    | Acquired Jiyva's third power
 75972 | Orc:2    | Gained mutation: You can spit poison. [Jiyva's grace]
 76392 | Orc:3    | Acquired Jiyva's fourth power
 76392 | Orc:3    | Gained mutation: Your pliable body absorbs attacks (AC +1, EV +1). [Jiyva's grace]
 76441 | Orc:3    | Gained mutation: You have a small jelly attached to you that senses nearby items. [Jiyva's grace]
 76496 | Orc:3    | Lost mutation: You can spit poison. [Jiyva's grace]
 76638 | Orc:4    | Gained mutation: Your spells are a little harder to cast, but a little more powerful. [Jiyva's grace]
 76982 | Slime:1  | Killed Yllodra's ghost
 77040 | Slime:6  | Lost mutation: Your pliable body absorbs attacks (AC +1, EV +1). [Jiyva's grace]
 77045 | Slime:6  | Lost mutation: You are somewhat resistant to further mutation. [Jiyva's grace]
 77062 | Slime:6  | Gained mutation: You can spit poison. [Jiyva's grace]
 77066 | Slime:6  | Got a slimy rune of Zot
 77624 | Vaults:3 | Gained mutation: Your muscles are strong. (Str +2) [Jiyva's grace]
 77629 | Forest:1 | Entered Level 1 of the Enchanted Forest
 77750 | Forest:1 | Noticed Sojobo
 77784 | Forest:1 | Killed Sojobo
 77812 | Forest:1 | Lost mutation: You are resistant to hostile enchantments. [Jiyva's grace]
 77973 | Forest:1 | Gained mutation: You possess an exceptional clarity of mind. [Jiyva's grace]
 78381 | Forest:1 | Found a bloodstained altar of Trog.
 78793 | Forest:2 | Lost mutation: Your spells are a little harder to cast, but a little more powerful. [Jiyva's grace]
 78932 | Forest:2 | Noticed Jory
 78944 | Forest:2 | Killed Jory
 78959 | Forest:2 | Noticed Donald
 78961 | Forest:2 | Killed Donald
 79006 | Forest:2 | Reached XP level 27. HP: 218/218 MP: 30/37
 79271 | Forest:2 | Gained mutation: You are partially covered in rough black scales (AC +4, Dex -1). [Jiyva's grace]
 79787 | Forest:3 | Noticed Jorgrun
 79792 | Forest:3 | Killed Jorgrun
 80150 | Forest:3 | Lost mutation: Your muscles are strong. (Str +2) [Jiyva's grace]
 80186 | Forest:3 | Found a staircase to the Tomb.
 80386 | Forest:3 | Lost mutation: You can spit poison. [Jiyva's grace]
 80630 | Forest:4 | Lost mutation: You have a small jelly attached to you that may absorb incoming projectiles. [Jiyva's grace]
 80967 | Forest:4 | Gained mutation: You can translocate small distances at will. [Jiyva's grace]
 81448 | Forest:5 | Entered Level 5 of the Enchanted Forest
 81518 | Snake:5  | Lost mutation: You possess an exceptional clarity of mind. [Jiyva's grace]
 82038 | Vaults:1 | Gained mutation: Your body is slowly deteriorating. [Jiyva's grace]
 82049 | Vaults:1 | Lost mutation: You have a small jelly attached to you that senses nearby items. [Jiyva's grace]
 82056 | Vaults:1 | Lost mutation: Your body is slowly deteriorating. [Jiyva's grace]
 82761 | Snake:5  | Gained mutation: You have a slow metabolism. [Jiyva's grace]
 82781 | Snake:5  | Lost mutation: You have a slow metabolism. [Jiyva's grace]
 82787 | Snake:5  | Bought the amulet of Xom's Hatred {Inacc rN+ MR+ Dex+3} for 420 gold pieces
 82796 | Snake:5  | Gained mutation: You are clumsy. (Dex -2) [potion of mutation]
 82796 | Snake:5  | Gained mutation: You have supernaturally acute eyesight. [potion of mutation]
 82797 | Snake:5  | Gained mutation: You are dopey. (Int -2) [potion of mutation]
 82797 | Snake:5  | Gained mutation: Your digestive system is specialised to digest meat. [potion of mutation]
 82798 | Snake:5  | Lost mutation: You are clumsy. (Dex -2) [Jiyva's power]
 82799 | Snake:5  | Lost mutation: You are dopey. (Int -2) [Jiyva's power]
 83248 | D:11     | Gained mutation: You have a slow metabolism. [Jiyva's grace]
 83688 | Forest:5 | Lost mutation: You have a slow metabolism. [potion of mutation]
 84163 | Forest:5 | Noticed the Enchantress
 84171 | Forest:5 | Killed the Enchantress
 84207 | Forest:5 | Lost mutation: You are partially covered in rugged brown scales (AC +1, +3% HP). [Jiyva's grace]
 84236 | Forest:5 | Gained mutation: You are partially covered in rugged brown scales (AC +1, +3% HP). [Jiyva's grace]
 84239 | Forest:5 | Gained mutation: You are agile. (Dex +2) [Jiyva's grace]
 84249 | Forest:5 | Gained mutation: You are very agile. (Dex +4) [Jiyva's grace]
 84251 | Forest:5 | Lost mutation: Your digestive system is specialised to digest meat. [Jiyva's grace]
 84268 | Forest:5 | Gained mutation: You are robust (+10% HP). [Jiyva's grace]
 84287 | Forest:5 | Lost mutation: You are partially covered in rough black scales (AC +4, Dex -1). [Jiyva's grace]
 84644 | Forest:5 | Gained mutation: You are good at translocating small distances at will. [Jiyva's grace]
 84936 | Tomb:1   | Entered Level 1 of the Tomb of the Ancients
 85640 | Tomb:1   | Gained mutation: Your digestive system is specialised to digest meat. [Jiyva's grace]
 86912 | Tomb:2   | Gained mutation: You can spit poison. [Jiyva's grace]
 86943 | Tomb:2   | Paralysed by a Zot trap for 2 turns
 87784 | Tomb:1   | Reached skill level 26 in Unarmed Combat
 87784 | Tomb:1   | Reached skill level 10 in Earth Magic
 89077 | Tomb:3   | Entered Level 3 of the Tomb of the Ancients
 89648 | Forest:4 | Lost mutation: You are very agile. (Dex +4) [Jiyva's grace]
 90583 | Tomb:3   | Gained mutation: Armour fits poorly on your pseudopods. [Jiyva's grace]
 90587 | Tomb:3   | Lost mutation: You are robust (+10% HP). [Jiyva's grace]
 90649 | Tomb:3   | Gained mutation: Your spells are a little harder to cast, but a little more powerful. [Jiyva's grace]
 90706 | Tomb:3   | Lost mutation: Armour fits poorly on your pseudopods. [Jiyva's grace]
 90714 | Tomb:3   | Gained mutation: Armour fits poorly on your pseudopods. [Jiyva's grace]
 90766 | Tomb:3   | Lost mutation: You are agile. (Dex +2) [Jiyva's grace]
 90850 | Tomb:3   | Got a golden rune of Zot
 90885 | Tomb:3   | Got a vibrating granite ring
 90893 | Tomb:3   | Got a faintly glowing marble ring
 90905 | Tomb:3   | Identified the Catalogue of Boosting Necromancy (You found it on level 3 of the Tomb of the Ancients)
 90908 | Tomb:3   | Got a vibrating platinum amulet
 90909 | Tomb:3   | Identified the amulet of Zin's Fury {rMut Dam+4 SInv} (You found it on level 3 of the Tomb of the Ancients)
 91633 | Vaults:1 | Lost mutation: Your digestive system is specialised to digest meat. [Jiyva's grace]
 91655 | Vaults:1 | Lost mutation: Armour fits poorly on your pseudopods. [Jiyva's grace]
 91730 | D:13     | Bought a scroll of identify for 64 gold pieces
 91730 | D:13     | Bought a scroll of identify for 64 gold pieces
 91731 | D:13     | Identified the cursed ring "Amuraiq" {Hunger- rElec Acc+4 Dam+3} (You found it on level 3 of the Tomb of the Ancients)
 91732 | D:13     | Identified the cursed ring of Suspected Treachery {rPois rF+ Int+2 Dam+5} (You found it on level 3 of the Tomb of the Ancients)
 91895 | Vaults:1 | Gained mutation: Your muscles are strong. (Str +2) [Jiyva's grace]
 92044 | Vaults:4 | Bought the cursed necklace of Bloodlust {*Rage +Rage MR+ Str+2 Int-2 Dam+5 Stlth- Curse} for 770 gold pieces
 92044 | Vaults:4 | Bought an uncursed ring of protection from magic for 325 gold pieces
 92086 | Vaults:4 | Gained mutation: You are robust (+10% HP). [Jiyva's grace]
 92206 | Vaults:1 | Gained mutation: You are dopey. (Int -2) [Jiyva's grace]
 92806 | Snake:5  | Bought the amulet of Grios {Ward rC+ Dam+4} for 561 gold pieces
 92846 | Snake:5  | Gained mutation: You have a small jelly attached to you that senses nearby items. [Jiyva's grace]
 93537 | Depths:6 | Gained mutation: You are mostly covered in large bone plates (AC +3, SH +4). [Jiyva's grace]
 93540 | Zot:1    | Entered Level 1 of the Realm of Zot
 93904 | Zot:1    | Gained mutation: Thin tendrils of slime have grown from your body. [Jiyva's grace]
 94819 | Zot:2    | Reached skill level 15 in Transmutations
 94932 | Zot:2    | You fall through a shaft!
 95041 | Zot:3    | Gained mutation: Your spells are harder to cast, but more powerful. [Jiyva's grace]
 95047 | Zot:3    | Lost mutation: You are dopey. (Int -2) [helix card]
 95051 | Zot:3    | Lost mutation: Thin tendrils of slime have grown from your body. [helix card]
 95052 | Zot:3    | Lost mutation: You are robust (+10% HP). [helix card]
 95052 | Zot:3    | Gained mutation: You are resistant to hostile enchantments. [helix card]
 95059 | Zot:3    | Shuffle card: Str 18[20], Int 7[18], Dex 25[29]
 95060 | Zot:3    | Lost mutation: You are good at translocating small distances at will. [helix card]
 95085 | Zot:3    | Reached skill level 1 in Conjurations
 95126 | Zot:3    | Reached skill level 1 in Staves
 95350 | Zot:3    | Lost mutation: You are partially covered in rugged brown scales (AC +1, +3% HP). [Jiyva's grace]
 95511 | Zot:3    | Gained mutation: Your body is partially covered in golden eyeballs (Acc +3). [Jiyva's grace]
 96003 | Zot:2    | Gained mutation: You have a pair of small antennae on your head. [Jiyva's grace]
 96435 | Zot:4    | Lost mutation: You can spit poison. [Jiyva's grace]
 96877 | Pan      | Entered Pandemonium
 96901 | Pan      | Got an ancient copper amulet
 96902 | Pan      | Identified the amulet "Qisautem" {rCorr Dex+1 Int+4} (You found it in Pandemonium)
 96917 | Pan      | Gained mutation: You can spit poison. [Jiyva's grace]
 97112 | Pan      | Reached skill level 5 in Staves
 97204 | Pan      | Noticed Klaucw the pandemonium lord
 97234 | Pan      | Killed Klaucw the pandemonium lord
 97528 | Pan      | Reached skill level 5 in Conjurations
 97670 | Pan      | Gained mutation: You are agile. (Dex +2) [Jiyva's grace]
 98080 | Pan      | Noticed Poas the pandemonium lord
 98091 | Pan      | Was forgiven by Cheibriados
 98095 | Pan      | Killed Poas the pandemonium lord
 98218 | Pan      | Lost mutation: You are agile. (Dex +2) [a neqoxec]
 98219 | Pan      | Gained mutation: You are robust (+10% HP). [a neqoxec]
 98221 | Pan      | Gained mutation: You are completely covered in large bone plates (AC +4, SH +6). [a neqoxec]
 98455 | Pan      | Noticed Uwoetus the pandemonium lord
 98455 | Pan      | Gained mutation: Your magical capacity is low (-10% MP). [a neqoxec]
 98463 | Pan      | Killed Uwoetus the pandemonium lord
 98472 | Pan      | Reached skill level 27 in Unarmed Combat
 99621 | Pan      | Gained mutation: You tend to lose your temper in combat. [a neqoxec]
 99625 | Pan      | Lost mutation: You tend to lose your temper in combat. [Jiyva's power]
 99626 | Pan      | Lost mutation: Your magical capacity is low (-10% MP). [Jiyva's power]
 99660 | Pan      | Noticed Shuveac the pandemonium lord
 99671 | Pan      | Killed Shuveac the pandemonium lord
 99792 | Vaults:1 | Lost mutation: You have supernaturally acute eyesight. [Jiyva's grace]
 99920 | Pan      | Gained mutation: Your body is mostly covered in golden eyeballs (Acc +5). [Jiyva's grace]
 99977 | Pan      | Gained mutation: You digest meat inefficiently. [a cacodemon]
 99995 | Pan      | Noticed Woaphe the pandemonium lord
100001 | Pan      | Lost mutation: You are robust (+10% HP). [a neqoxec]
100003 | Pan      | Killed Woaphe the pandemonium lord
100009 | Pan      | Gained mutation: Your body is slowly deteriorating. [a neqoxec]
100033 | Pan      | Got a demonic rune of Zot
100178 | Pan      | Found an exit through the horrors of the Abyss.
100284 | Pan      | Entered the realm of Gloorx Vloq.
100316 | Pan      | Lost mutation: Your body is slowly deteriorating. [Jiyva's power]
100317 | Pan      | Lost mutation: You digest meat inefficiently. [Jiyva's power]
100855 | Pan      | Noticed Gloorx Vloq
100864 | Pan      | Killed Gloorx Vloq
100891 | Pan      | Got a dark rune of Zot
100900 | Pan      | Lost mutation: Your muscles are strong. (Str +2) [Jiyva's grace]
101058 | Pan      | Noticed Wofumisomm the pandemonium lord
101060 | Pan      | HP: 11/286 [hellion/burst of hellfire (26)]
101060 | Pan      | Killed from afar by a hellion

Action                   |  1- 3 |  4- 6 |  7- 9 | 10-12 | 13-15 | 16-18 | 19-21 | 22-24 | 25-27 || total
-------------------------+-------+-------+-------+-------+-------+-------+-------+-------+-------++-------
Melee: Unarmed           |    75 |   203 |   341 |   519 |  1076 |  1016 |   866 |   801 |  2309 ||  7206
 Fire: Blowgun           |       |       |       |       |     6 |     6 |       |       |       ||    12
 Cast: Beastly Appendage |    13 |     3 |     9 |     8 |       |       |       |       |     1 ||    34
       Spider Form       |     3 |    31 |    25 |     2 |     5 |    20 |     2 |     3 |     3 ||    94
       Ice Form          |       |       |     4 |    15 |    10 |     2 |     1 |       |     2 ||    34
       Blade Hands       |       |       |     7 |    63 |   196 |   171 |   136 |   115 |   152 ||   840
       Stoneskin         |       |       |       |     5 |   146 |   118 |    89 |    81 |   152 ||   591
       Statue Form       |       |       |       |       |       |       |       |       |   104 ||   104
Invok: Slouch            |       |       |       |     2 |    17 |     4 |    21 |    13 |     6 ||    63
       Temporal Distorti |       |       |       |     1 |     4 |       |       |     2 |     6 ||    13
       Request Jelly     |       |       |       |       |       |       |       |       |     6 ||     6
       Jelly Paralyse    |       |       |       |       |       |       |       |       |     4 ||     4
       Slimify           |       |       |       |       |       |       |       |       |     7 ||     7
       Cure Bad Mutation |       |       |       |       |       |       |       |       |     6 ||     6
 Abil: End Transformatio |       |     1 |       |     2 |    17 |    12 |     1 |     1 |    13 ||    47
Evoke: Wand              |       |       |     1 |     1 |    30 |     5 |     1 |     1 |    16 ||    55
       Deck              |       |       |       |       |       |       |       |       |    12 ||    12
  Use: Scroll            |       |     4 |     7 |    23 |    24 |     8 |     5 |     4 |    34 ||   109
       Potion            |       |     3 |     3 |    12 |    19 |     6 |     4 |     5 |    24 ||    76
 Stab: Sleeping          |     4 |     7 |    11 |    26 |    47 |    40 |    22 |    13 |    27 ||   197
       Distracted        |       |       |       |     3 |     4 |     4 |     6 |     2 |    10 ||    29
       Invisible         |       |       |       |       |     3 |       |       |       |       ||     3
       Confused          |       |       |       |       |     2 |       |       |       |     5 ||     7
       Fleeing           |       |       |       |       |       |       |       |       |     2 ||     2
